 Dungeon Crawl Stone Soup version 0.26.0-16-gc1dbca0489 (webtiles) character file.

Game seed: 9638632526142377252

316 DungeonDestroyer the Shield-Bearer (level 6, -6/53 HPs)
             Began as a Gnoll Fighter on Jan 17, 2021.
             Killed from afar by an orc wizard (11 damage)
             ... with a magic dart
             ... on level 3 of the Dungeon.
             The game lasted 00:02:50 (1713 turns).

DungeonDestroyer the Shield-Bearer (Gnoll Fighter)  Turns: 1713, Time: 00:02:51

Health: -6/53      AC: 10    Str: 18    XL:     6   Next: 44%
Magic:  8/9        EV:  7    Int: 12    God:
Gold:   92         SH: 10    Dex: 15    Spells: 9/9 levels left

rFire    . . .     SeeInvis +   a - +1 trident
rCold    . . .     Faith    .   c - +0 kite shield
rNeg     . . .     Spirit   .   g - +0 chain mail
rPois    .         Reflect  .   (no helmet)
rElec    .         Harm     .   (no cloak)
rCorr    .         Rampage  .   (no gloves)
Will     .....     Clarity  +   (no boots)
Stlth    ..........             (no amulet)
HPRegen  0.17/turn              j - ring of see invisible
MPRegen  0.11/turn              (no ring)

@: no status effects
A: distributed training, fangs 1, clarity, clever 1, weak 1, strong nose
a: no special abilities


You were on level 3 of the Dungeon.
You visited 1 branch of the dungeon, and saw 3 of its levels.

You collected 92 gold pieces.

Inventory:

Hand Weapons
 a - a +1 trident (weapon)
Armour
 c - a +0 kite shield (worn)
 g - a +0 chain mail (worn)
Jewellery
 j - a ring of see invisible (left hand)
Scrolls
 e - 2 scrolls of identify
 f - a scroll of enchant weapon
 h - a scroll of remove curse
Potions
 d - a potion of might


   Skills:
 + Level 6.8 Fighting
 + Level 2.0 Short Blades
 + Level 2.0 Long Blades
 + Level 2.0 Axes
 + Level 2.0 Maces & Flails
 + Level 5.0 Polearms
 + Level 2.0 Staves
 + Level 2.0 Slings
 + Level 2.0 Bows
 + Level 2.0 Crossbows
 + Level 2.0 Throwing
 + Level 6.8 Armour
 + Level 2.0 Dodging
 + Level 2.0 Stealth
 + Level 6.8 Shields
 + Level 2.0 Unarmed Combat
 + Level 2.0 Spellcasting
 + Level 1.5 Conjurations
 + Level 1.5 Hexes
 + Level 1.5 Summonings
 + Level 1.5 Necromancy
 + Level 1.5 Translocations
 + Level 1.5 Transmutations
 + Level 1.5 Fire Magic
 + Level 1.5 Ice Magic
 + Level 1.5 Air Magic
 + Level 1.5 Earth Magic
 + Level 1.5 Poison Magic
 + Level 2.1 Invocations
 + Level 2.0 Evocations


You had 9 spell levels left.
You didn't know any spells.
Your spell library was empty.

Dungeon Overview and Level Annotations

Branches:
Dungeon (3/15)

Altars:


Innate Abilities, Weirdness & Mutations

Your experience applies equally to all skills.
You have very sharp teeth.
Your uncanny sense of smell can sniff out nearby items.
You possess an exceptional clarity of mind.
Your mind is acute. (Int +2)
You are weak. (Str -2)


Message History

Your Staves skill increases to level 2!
Your Slings skill increases to level 2!
Your Bows skill increases to level 2!
Your Crossbows skill increases to level 2!
Your Throwing skill increases to level 2!
Your Dodging skill increases to level 2!
Your Stealth skill increases to level 2!
Your Unarmed Combat skill increases to level 2!
Your Spellcasting skill increases to level 2!
Your Evocations skill increases to level 2!
Unknown command.
Unknown command.
You hit the orc wizard.
The orc wizard is moderately wounded.
You block the orc wizard's attack.
Unknown command.
You barely miss the orc wizard.
The orc wizard is moderately wounded.
The orc wizard points at you and mumbles some strange words.
The magic dart hits you!
You die...

##.################
..........)........
.......<.))@g....#
.#...####).og###.#
#. ####g# .# .# .#
.# .#


You could see an orc wizard (invisible), a hobgoblin and 2 goblins.

Vanquished Creatures
  Sigmund (D:2)
  Natasha (D:3)
  Terence (D:2)
  Robin (D:3)
  2 adders (D:2)
  An ooze (D:1)
  4 orcs (D:3)
  3 giant cockroaches
  12 goblins
  5 hobgoblins
  11 jackals
  A quokka (D:2)
  2 ball pythons (D:2)
  4 bats
  5 frilled lizards
  7 kobolds
  10 rats
71 creatures vanquished.

Vanquished Creatures (others)
  13 fungi (D:1)
13 creatures vanquished.

Grand Total: 84 creatures vanquished

Notes
Turn   | Place    | Note
-------+----------+-------------------------------------------
     0 | D:1      | DungeonDestroyer the Gnoll Fighter began the quest for the
                  | Orb.
     0 | D:1      | Reached XP level 1. HP: 23/23 MP: 1/1
   114 | D:1      | Reached XP level 2. HP: 29/29 MP: 2/2
   468 | D:1      | Reached XP level 3. HP: 35/35 MP: 3/3
   746 | D:1      | Reached skill level 1 in Invocations
   972 | D:2      | Reached skill level 1 in Short Blades
   972 | D:2      | Reached skill level 1 in Long Blades
   972 | D:2      | Reached skill level 1 in Axes
   972 | D:2      | Reached skill level 1 in Maces & Flails
   972 | D:2      | Reached skill level 1 in Staves
   972 | D:2      | Reached skill level 1 in Slings
   972 | D:2      | Reached skill level 1 in Bows
   972 | D:2      | Reached skill level 1 in Crossbows
   972 | D:2      | Reached skill level 1 in Throwing
   972 | D:2      | Reached skill level 1 in Dodging
   972 | D:2      | Reached skill level 1 in Stealth
   972 | D:2      | Reached skill level 1 in Unarmed Combat
   972 | D:2      | Reached skill level 1 in Spellcasting
   972 | D:2      | Reached skill level 1 in Evocations
   972 | D:2      | Reached XP level 4. HP: 41/41 MP: 5/5
  1066 | D:2      | Noticed Sigmund
  1090 | D:2      | Killed Sigmund
  1091 | D:2      | Reached skill level 1 in Conjurations
  1091 | D:2      | Reached skill level 1 in Hexes
  1091 | D:2      | Reached skill level 1 in Summonings
  1091 | D:2      | Reached skill level 1 in Necromancy
  1091 | D:2      | Reached skill level 1 in Translocations
  1091 | D:2      | Reached skill level 1 in Transmutations
  1091 | D:2      | Reached skill level 1 in Fire Magic
  1091 | D:2      | Reached skill level 1 in Ice Magic
  1091 | D:2      | Reached skill level 1 in Air Magic
  1091 | D:2      | Reached skill level 1 in Earth Magic
  1091 | D:2      | Reached skill level 1 in Poison Magic
  1091 | D:2      | Reached XP level 5. HP: 35/47 MP: 5/7
  1149 | D:2      | Reached XP level 6. HP: 49/53 MP: 8/8
  1339 | D:2      | Noticed Terence
  1356 | D:2      | Killed Terence
  1578 | D:2      | Gained mutation: You are weak. (Str -2) [potion of
                  | mutation]
  1578 | D:2      | Gained mutation: Your mind is acute. (Int +2) [potion of
                  | mutation]
  1578 | D:2      | Gained mutation: You possess an exceptional clarity of
                  | mind. [potion of mutation]
  1671 | D:3      | Noticed Natasha
  1672 | D:3      | Noticed Robin
  1700 | D:3      | Killed Robin
  1711 | D:3      | Killed Natasha
  1712 | D:3      | Reached skill level 5 in Polearms
  1713 | D:3      | Killed from afar by an orc wizard

Illustrated notes

Levels and vault maps discovered:
D:1:      scummos_arrival_checkerplants, layout_basic, minmay_liquid_box,
          minmay_rat_gold_closets
D:2:      layout_basic, uniq_terence, uniq_sigmund
D:3:      layout_loops_ring, nicolae_overflow_crystal_walls,
          nicolae_ashenzari_panopticon, lightli_temple_of_fire,
          lemuel_round_altar, chequers_serial_rivers_small_a, uniq_grinder,
          uniq_natasha, uniq_robin, uniq_jessica

Skill      XL: |  1  2  3  4  5  6 |
---------------+-------------------+-----
Invocations    | 1 2 |  2.1
Short Blades   | 1 2 |  2.0
Long Blades    | 1 2 |  2.0
Axes           | 1 2 |  2.0
Maces & Flails | 1 2 |  2.0
Staves         | 1 2 |  2.0
Slings         | 1 2 |  2.0
Bows           | 1 2 |  2.0
Crossbows      | 1 2 |  2.0
Throwing       | 1 2 |  2.0
Dodging        | 1 2 |  2.0
Stealth        | 1 2 |  2.0
Unarmed Combat | 1 2 |  2.0
Spellcasting   | 1 2 |  2.0
Evocations     | 1 2 |  2.0
Conjurations   | 1 |  1.5
Hexes          | 1 |  1.5
Summonings     | 1 |  1.5
Necromancy     | 1 |  1.5
Translocations | 1 |  1.5
Transmutations | 1 |  1.5
Fire Magic     | 1 |  1.5
Ice Magic      | 1 |  1.5
Air Magic      | 1 |  1.5
Earth Magic    | 1 |  1.5
Poison Magic   | 1 |  1.5
Polearms       | 5 |  5.0
Fighting       | |  6.8
Armour         | |  6.8
Shields        | |  6.8

Action                   |  1- 3 |  4- 6 || total
-------------------------+-------+-------++-------
Melee: Trident           |    96 |   145 ||   241
       Bite              |     7 |    10 ||    17
  Use: Scroll            |     4 |     1 ||     5
       Potion            |     1 |     1 ||     2
Armor: Scale mail        |    30 |    25 ||    55
       Chain mail        |       |    40 ||    40
Dodge: Dodged            |    19 |    43 ||    62
Block: Kite shield       |    45 |    82 ||   127
